 Dungeon Crawl Stone Soup version 0.26.1-11-gd32895ea62 (webtiles) character file.

Game seed: 11301093436770836109

3058 nothank2 the Carver (level 9, -14/86 HPs)
             Began as a Minotaur Fighter on July 9, 2021.
             Was an Initiate of Qazlal.
             Demolished by a two-headed ogre
             ... wielding a +0 giant club
              (21 damage)
             ... on level 8 of the Dungeon.
             The game lasted 00:15:28 (7460 turns).

nothank2 the Carver (Minotaur Fighter)              Turns: 7460, Time: 00:15:28

Health: -14/86     AC:  8    Str: 23    XL:     9   Next: 57%
Magic:  8/8        EV: 12    Int:  5    God:    Qazlal [......]
Gold:   296        SH: 11    Dex: 11    Spells: 8/8 levels left

rFire    . . .     SeeInvis .   a - +1 long sword
rCold    . . .     Faith    .   c - +1 kite shield
rNeg     . . .     Spirit   .   b - +0 scale mail
rPois    .         Reflect  .   (helmet restricted)
rElec    .         Harm     .   g - scarf {repulsion}
rCorr    .         Rampage  .   C - +0 pair of gloves
Will     +....                  (no boots)
Stlth    ..........             (no amulet)
HPRegen  0.24/turn              o - ring of willpower
MPRegen  0.11/turn              i - +4 ring of evasion

@: repel missiles
A: retaliatory headbutt, horns 2
a: Renounce Religion


You were on level 8 of the Dungeon.
You worshipped Qazlal.
Qazlal was noncommittal.
You visited 2 branches of the dungeon, and saw 9 of its levels.
You also visited: Ossuary.

You collected 296 gold pieces.

Inventory:

Hand Weapons
 a - a +1 long sword (weapon)
Missiles
 e - 11 boomerangs (quivered)
Armour
 b - a +0 scale mail (worn)
 c - a +1 kite shield (worn)
 g - a scarf of repulsion (worn)
 C - a +0 pair of gloves (worn)
Jewellery
 i - a +4 ring of evasion (right hand)
 o - a ring of willpower (left hand)
 D - an uncursed ring of poison resistance
 F - an uncursed ring of stealth
Wands
 B - a wand of digging (5)
Scrolls
 f - 4 scrolls of amnesia
 j - 2 scrolls of enchant weapon
 k - 5 scrolls of identify
 n - 3 scrolls of enchant armour
 q - 5 scrolls of remove curse {unknown}
 v - 3 scrolls of blinking {unknown}
 w - a scroll of magic mapping
 y - 4 scrolls of teleportation {unknown}
 A - 3 scrolls of random uselessness {unknown}
 E - a scroll of holy word {unknown}
Potions
 d - 2 potions of might
 h - a potion of resistance {unknown}
 l - 2 potions of degeneration {unknown}
 m - a potion of invisibility {unknown}
 p - a potion of magic
 r - 4 potions of curing {unknown}
 s - a potion of attraction {unknown}
 t - 3 potions of heal wounds {unknown}
 u - a potion of mutation {unknown}
 x - 2 potions of berserk rage {unknown}
 z - 2 potions of brilliance {unknown}


   Skills:
 + Level 10.3 Fighting
 + Level 11.5 Long Blades
 - Level 3.6 Armour
 * Level 6.5 Shields


You had 8 spell levels left.
You didn't know any spells.
Your spell library was empty.

Dungeon Overview and Level Annotations

Branches:
Dungeon (8/15)             Temple (1/1) D:6         Ossuary (visited)
   Lair: D:8-11

Altars:
Ashenzari
Cheibriados
Dithmenos
Elyvilon
Fedhas
Gozag
Hepliaklqana
Kikubaaqudgha
Okawaru
Qazlal
Ru
Sif Muna
Trog
Uskayaw
Vehumet
Xom
Yredelemnul
Zin
The Shining One

Annotations:
D:4 3 runed translucent doors, Sin92's ghost, amateur DsFi; hawla's ghost, amateur DECj


Innate Abilities, Weirdness & Mutations

You reflexively headbutt those who attack you in melee.
You have a pair of horns on your head.


Message History

The shadow imp shouts, "Leave, thou venomed fat-kidneyed wagtail!"
There is a stone staircase leading up here.
You slash the two-headed ogre!
The two-headed ogre is moderately wounded.
You hit the two-headed ogre.
Your headbutt misses the two-headed ogre.
The two-headed ogre is moderately wounded.
The two-headed ogre hits you with a +0 giant club!!
* * * LOW HITPOINT WARNING * * *
The two-headed ogre hits you with a +0 dire flail!
* * * LOW HITPOINT WARNING * * *
Your shield and scale mail prevent you from hitting the two-headed ogre.
You headbutt the two-headed ogre.
The two-headed ogre is moderately wounded.
The shadow imp shouts, "Scamper hence, thou venomed elf-skinned foot-licker!"
The two-headed ogre completely misses you.
You riposte.
You hit the two-headed ogre. You headbutt the two-headed ogre!
The two-headed ogre is severely wounded.
The two-headed ogre hits you with a +0 dire flail!!
You die...

###########
#.........#
#.........#
+......@..#
#......O..#
#.......5.#
#.........#
##.##......
# #...####
.....
......


You could see a two-headed ogre and a shadow imp.

Vanquished Creatures
  An unseen horror (D:7)
  Sigmund (D:4)
  A water moccasin (D:7)
  A phantom (D:5)
  6 ogres
  2 big kobolds (D:5)
  A bullfrog (D:7)
  A water moccasin zombie (D:6)
  2 jellies
  A scorpion (D:5)
  A howler monkey (D:6)
  2 centaur zombies (Ossuary)
  A bullfrog zombie (D:6)
  A human zombie (Ossuary)
  2 orc priests
  4 hounds
  A bullfrog skeleton (D:4)
  A centaur skeleton (D:5)
  4 iguanas
  6 orc wizards
  5 worker ants
  3 ogre zombies (Ossuary)
  2 hound zombies
  A hound skeleton (D:3)
  8 mummies
  3 gnolls (D:7)
  A howler monkey skeleton (D:6)
  13 adders
  3 ufetubi
  2 oozes
  4 adder zombies (Ossuary)
  3 dart slugs
  6 leopard geckos
  28 orcs
  3 giant cockroaches
  6 goblins
  8 hobgoblins
  5 jackals
  14 kobolds
  2 quokkas
  2 ball pythons
  8 bats
  3 frilled lizards
  A giant cockroach zombie (D:5)
  6 goblin zombies (Ossuary)
  4 hobgoblin zombies (Ossuary)
  A leopard gecko skeleton (D:4)
  6 quokka zombies (Ossuary)
  6 rats
  4 rat zombies (Ossuary)
201 creatures vanquished.

Vanquished Creatures (others)
  A human (D:5)
  6 withered plants (D:4)
7 creatures vanquished.

Grand Total: 208 creatures vanquished

Notes
Turn   | Place    | Note
-------+----------+-------------------------------------------
     0 | D:1      | nothank2 the Minotaur Fighter began the quest for the Orb.
     0 | D:1      | Reached XP level 1. HP: 19/19 MP: 0/0
   149 | D:1      | Reached skill level 3 in Long Blades
   200 | D:1      | Reached XP level 2. HP: 26/26 MP: 1/1
   468 | D:1      | Reached skill level 4 in Long Blades
   530 | D:1      | Reached XP level 3. HP: 27/31 MP: 2/2
  1028 | D:2      | Reached skill level 5 in Long Blades
  1056 | D:2      | Reached XP level 4. HP: 13/39 MP: 3/3
  1478 | D:2      | Reached skill level 6 in Long Blades
  2010 | D:2      | Reached XP level 5. HP: 44/45 MP: 4/4
  2502 | D:3      | Found a glowing silver altar of Zin.
  3185 | D:4      | Found a runed translucent gate.
  3185 | D:4      | Found a runed translucent gate.
  3185 | D:4      | Found a runed translucent gate.
  3185 | D:4      | Noticed Sin92's ghost (amateur DsFi)
  3185 | D:4      | Noticed hawla's ghost (amateur DECj)
  3202 | D:4      | Reached skill level 7 in Long Blades
  3210 | D:4      | Found an opulent altar of Gozag.
  3277 | D:4      | Reached XP level 6. HP: 49/53 MP: 5/5
  3299 | D:4      | Noticed Sigmund
  3323 | D:4      | Killed Sigmund
  3324 | D:4      | Reached skill level 5 in Fighting
  3362 | D:4      | Found a sand-covered staircase.
  3371 | Ossuary  | Entered an ossuary
  3632 | Ossuary  | Reached skill level 8 in Long Blades
  3632 | Ossuary  | Reached XP level 7. HP: 61/62 MP: 6/6
  4210 | D:4      | Found a basalt altar of Yredelemnul.
  4741 | D:5      | Entered Level 5 of the Dungeon
  4775 | D:5      | Reached skill level 9 in Long Blades
  4957 | D:5      | Found a snail-covered altar of Cheibriados.
  4990 | D:5      | Reached XP level 8. HP: 59/73 MP: 7/7
  5398 | D:5      | Reached skill level 10 in Long Blades
  5655 | D:5      | Found an iron altar of Okawaru.
  5686 | D:5      | Found a basalt altar of Yredelemnul.
  5718 | D:5      | Found an ancient bone altar of Kikubaaqudgha.
  6206 | D:6      | Found a hide-covered altar of Uskayaw.
  6309 | D:6      | Reached skill level 11 in Long Blades
  6309 | D:6      | Reached XP level 9. HP: 85/85 MP: 8/8
  6628 | D:6      | Found a staircase to the Ecumenical Temple.
  6647 | Temple   | Entered the Ecumenical Temple
  6653 | Temple   | Became a worshipper of Qazlal Stormbringer
  6883 | D:6      | Found a bloodstained altar of Trog.
  6951 | D:7      | Reached skill level 10 in Fighting
  6951 | D:7      | Reached skill level 5 in Shields
  7381 | D:7      | Noticed a cyclops
  7382 | D:7      | Noticed a two-headed ogre
  7387 | D:7      | Killed an unseen horror
  7460 | D:8      | Demolished by a two-headed ogre

Illustrated notes

Levels and vault maps discovered:
D:1:      lemuel_arrival_room, layout_basic, minmay_misc_feat_rows
D:2:      layout_basic, wad_orctagon
D:3:      layout_basic, lemuel_crystal_altar, chequers_serial_rivers_small_3
D:4:      layout_gridville, marbit_many_paths, grunt_gozag_statues,
          gammafunk_ghost_cemetery, nicolae_ossuary_entry_ruins,
          hangedman_abyss_or_decor_stabs, uniq_sigmund
D:5:      layout_loops_ring, slow_altar_1, kennysheep_okawaru_gauntlet,
          basic_altar, kennysheep_cross_bottleneck, kennysheep_big_empty_room,
          kennysheep_another_room, minivault_4, tgw_kikubaaqudgha
D:6:      layout_loops_ring, old_standard_altar, temple_pool_b, trog_book
D:7:      minmay_the_grid_triangle_9x9_rhombus_thin
          [minmay_the_grid_triangle_9x9_cache,
          minmay_the_grid_triangle_9x9_prize_schism,
          minmay_the_grid_triangle_9x9_odd_lines,
          minmay_the_grid_triangle_9x9_stretched_checkered], layout_basic
D:8:      layout_gridville, pdpol_wu_jian_five_deadly_venoms, dpeg_oklobed_lair,
          serial_shops, shop, shop, minmay_alternating_orb, uniq_psyche,
          uniq_maurice
Temple:   nicolae_temple_no_exploring_needed

Skill      XL: |  1  2  3  4  5  6  7  8  9 |
---------------+----------------------------+-----
Long Blades    | 3 4 5 6 7 8 9 11 | 11.5
Fighting       | 4 5 7 9 10 | 10.3
Shields        | 6 |  6.5
Armour         | |  3.6

Action                   |  1- 3 |  4- 6 |  7- 9 || total
-------------------------+-------+-------+-------++-------
Melee: Long sword        |    97 |   143 |   377 ||   617
       Headbutt          |     9 |    23 |    71 ||   103
Throw: Boomerang         |       |     2 |     1 ||     3
  Use: Scroll            |       |     6 |       ||     6
 Stab: Distracted        |       |     1 |       ||     1
Armor: Scale mail        |    36 |    33 |    72 ||   141
Dodge: Dodged            |    30 |    36 |   125 ||   191
       Repelled          |       |       |     2 ||     2
Block: Kite shield       |    49 |    71 |   173 ||   293
       Rpst.: Long sword |     4 |    12 |    26 ||    42
